 Dungeon Crawl Stone Soup version 0.28-a0-529-g3bad584f25 (webtiles) character file.

Game seed: 6054256418301601305

99 ryw the Grave Robber (level 4, -6/35 HPs)
             Began as a Ghoul Necromancer on Sept 24, 2021.
             Killed by divine providence
             ... invoked by an orc priest
              (10 damage)
             ... on level 3 of the Dungeon.
             The game lasted 00:05:15 (2677 turns).

ryw the Grave Robber (Ghoul Necromancer)            Turns: 2677, Time: 00:05:15

Health: -6/35      AC:  4    Str: 11    XL:     4   Next: 72%
Magic:  1/6        EV: 12    Int: 11    God:
Gold:   140        SH:  0    Dex:  9    Spells: 3/7 levels left

rFire   . . .      SeeInvis .   d - +3 short sword
rCold   + . .      Faith    .   (no shield)
rNeg    + + +      Spirit   .   a - +0 robe
rPois   ∞          Reflect  .   h - +0 helmet
rElec   .          Harm     .   (no cloak)
rCorr   .          Rampage  .   (no gloves)
Will    .....                   m - +0 pair of boots
Stlth   ++........              (no amulet)
HPRegen 0.00/turn               (no ring)
MPRegen 0.10/turn               (no ring)

@: inhibited regen, invisible
A: claws 1, cold resistance 1, negative energy resistance 3, inhibited
regeneration, torment resistance 2
a: no special abilities


You were on level 3 of the Dungeon.
You visited 1 branch of the dungeon, and saw 3 of its levels.

You collected 140 gold pieces.

Inventory:

Hand Weapons
 d - a +3 short sword (weapon)
Armour
 a - a +0 robe (worn)
 h - a +0 helmet (worn)
 m - a +0 pair of boots (worn)
Jewellery
 l - a ring of willpower
Scrolls
 c - 2 scrolls of identify {unknown}
 e - a scroll of noise {unknown}
 j - a scroll of acquirement {unknown}
 k - a scroll of summoning {unknown}
 n - a scroll of blinking {unknown}
Potions
 b - a potion of invisibility
 f - a potion of flight {unknown}
 g - a potion of ambrosia {unknown}
 i - a potion of mutation {unknown}


   Skills:
 + Level 1.0 Fighting
 - Level 1.0 Short Blades
 + Level 2.0 Dodging
 - Level 2.1 Stealth
 - Level 0.2 Unarmed Combat
 + Level 2.0 Spellcasting
 * Level 5.3 Necromancy


You had 3 spell levels left.
You knew the following spells:

 Your Spells              Type           Power      Damage    Failure   Level
a - Pain                  Necr           48%        1d6       3%          1
b - Vampiric Draining     Necr           6%         2d6       10%         3

Your spell library contained the following spells:

 Spells                   Type           Power      Damage    Failure   Level
 Animate Skeleton         Necr           24%        N/A       3%          1
 Apportation              Tloc           2%         N/A       28%         1
 Animate Dead             Necr           6%         N/A       32%         4
 Agony                    Necr           12%        N/A       65%         5
 Alistair's Intoxication  Tmut/Pois      0%         N/A       100%        5
 Invisibility             Hex            0%         N/A       100%        6


Dungeon Overview and Level Annotations

Branches:
Dungeon (3/15)

Altars:


Innate Abilities, Weirdness & Mutations

You thrive by killing the living.
You are immune to poison.
You have sharp fingernails.
Your flesh is cold resistant. (rC+)
You are immune to negative energy. (rN+++)
You do not regenerate when monsters are visible.
You are immune to unholy pain and torment.


Message History

Casting: Pain (safe; 3% risk of failure)
Confirm with . or Enter, or press ? or * to list all spells.
Aiming: Pain (safe; 3% risk of failure)
Press: ? - help, Shift-Dir - straight line, f/p - orc priest
Aim: an orc priest, wielding a +1 flail of pain and wearing a +0 leather armour (heavily wounded, chance to affect: 68%)
The orc priest writhes in agony.
The orc priest mumbles some strange prayers to Beogh against you.
Beogh smites you!
Casting: Pain (safe; 3% risk of failure)
Confirm with . or Enter, or press ? or * to list all spells.
You don't have enough magic to cast this spell.
Unknown command.
You closely miss the orc priest.
The orc priest is almost dead.
The orc priest closely misses you.
You barely miss the orc priest.
The orc priest is almost dead.
The orc priest barely misses you.
You hit the orc priest.
The orc priest is almost dead.
The orc priest hits you with a +1 flail of pain.
You barely miss the orc priest.
The orc priest is almost dead.
The orc priest hits you with a +1 flail of pain.
* * * LOW HITPOINT WARNING * * *
Unknown command.
You barely miss the orc priest.
The orc priest is almost dead.
The orc priest closely misses you. The orc priest barely misses you.
Unknown command.
You barely miss the orc priest.
The orc priest is almost dead.
The orc priest hits you with a +1 flail of pain.
* * * LOW HITPOINT WARNING * * *
Unknown command.
It was a potion of invisibility.
You fade into invisibility!
The orc priest mumbles some strange prayers to Beogh against you.
Beogh smites you!
You die...

#..........####.##.#
.o...#......###.....##.#
.##..#......# #.###.##.#
.oo....#..###.###.##.#
#..##................###.
....#..(...###.######.....
##. #......# .# #.####
##.#..##o[###.# #.#
.....##@.....######.#
.####..........##...#
#.#...##..(##.#.#
#.#...........#.# #
#.#.#.#..##.#.#
#.#.........#.#
#.###.#.....#.# #.#
#.##..).#.# #..
..##......#


You could see an orc priest.

Vanquished Creatures
  Robin (D:2)
  An adder (D:2)
  2 worms (D:2)
  2 dart slugs
  4 orcs
  5 ball pythons
  6 bats
  4 endoplasms
  3 giant cockroaches
  8 goblins
  7 hobgoblins
  6 kobolds
  3 quokkas
  2 frilled lizards (D:2)
  5 rats
59 creatures vanquished.

Notes
Turn   | Place    | Note
-------+----------+-------------------------------------------
     0 | D:1      | ryw the Ghoul Necromancer began the quest for the Orb.
     0 | D:1      | Reached XP level 1. HP: 14/14 MP: 2/2
   347 | D:1      | Reached XP level 2. HP: 16/22 MP: 3/3
  1081 | D:1      | Found a faded altar of an unknown god.
  1353 | D:2      | Reached skill level 1 in Fighting
  1353 | D:2      | Reached XP level 3. HP: 21/28 MP: 5/5
  1468 | D:2      | Learned a level 3 spell: Vampiric Draining
  1504 | D:2      | Reached skill level 1 in Short Blades
  1883 | D:2      | Noticed Robin
  1888 | D:2      | Reached XP level 4. HP: 35/35 MP: 6/6
  1900 | D:2      | Killed Robin
  1901 | D:2      | Reached skill level 5 in Necromancy
  2677 | D:3      | Killed from afar by an orc priest

Illustrated notes

Levels and vault maps discovered:
D:1:      nzn_arrival_depleted_hourglass, layout_basic,
          shapermc_ecumenical_altar_mp_urbaneastern, moated_statue
D:2:      layout_basic, minmay_vboxes, uniq_robin
D:3:      layout_basic, mainiacjoe_overflow_brackets, hex_medium, uniq_jessica

Skill      XL: |  1  2  3  4 |
---------------+-------------+-----
Dodging        | 2 |  2.0
Spellcasting   | 2 |  2.0
Fighting       | 1 |  1.0
Short Blades   | 1 |  1.0
Necromancy     | 5 |  5.3
Stealth        | |  2.1
Unarmed Combat | |  0.2

Action                   |  1- 3 |  4- 6 || total
-------------------------+-------+-------++-------
Melee: Unarmed           |    21 |       ||    21
       Short sword       |    92 |    37 ||   129
 Cast: Pain              |     8 |    29 ||    37
  Use: Potion            |       |     1 ||     1
 Stab: Sleeping          |     2 |     2 ||     4
Armor: Robe              |    25 |    10 ||    35
Dodge: Dodged            |    80 |    25 ||   105

Table legend: (Time is in decaauts)
 A = Elapsed time spent in this place.
 B = Non-inter-level travel time spent in this place.
 C = Inter-level travel time spent in this place.
 D = Time resting spent in this place.
 E = Time spent auto-exploring this place.
 F = Levels seen in this place.
 G = Mean time per level.
                   A        B        C        D        E       F      G
               +--------+--------+--------+--------+--------+-----+--------+
         Total |   2688 |   2618 |     70 |    347 |   1803 |   3 |  896.0 |
       Dungeon |   2688 |   2618 |     70 |    347 |   1803 |   3 |  896.0 |
               +--------+--------+--------+--------+--------+-----+--------+

Top non-repeatable levels by time:
     D:1: 1285 daAuts
     D:2: 1200 daAuts
     D:3: 202 daAuts
